 Dungeon Crawl Stone Soup version 0.30-a0-726-gd89dcf765f (webtiles) character file.

Game seed: 2258479274509919365

52 timneilson the Shield-Bearer (level 3, -7/23 HPs)
             Began as a Gargoyle Fighter on Jan 30, 2023.
             Mangled by Crazy Yiuf
             ... wielding a +4 quarterstaff of chaos
              (8 damage)
             ... on level 2 of the Dungeon.
             The game lasted 00:02:06 (2257 turns).

timneilson the Shield-Bearer (Gargoyle Fighter)     Turns: 2257, Time: 00:02:06

Health: -7/23      AC: 10    Str: 21    XL:     3   Next: 85%
Magic:  3/3        EV:  9    Int:  8    God:
Gold:   76         SH:  4    Dex:  9    Spells: 2/2 levels left

rFire   . . .      SeeInvis .    a - +0 long sword
rCold   . . .      Faith    .    c - +0 buckler
rNeg    + + .      Spirit   .    b - +0 scale mail
rPois   ∞          Reflect  .    (no helmet)
rElec   +          Harm     .    (no cloak)
rCorr   .          Rampage  .    (no gloves)
Will    .....                    (no boots) Stlth
                                 (no amulet)
HPRegen 0.23/turn                i - ring of positive energy
MPRegen 0.08/turn                (no ring)

@: mighty, slowed, very slow
A: sickness immunity, AC +3, negative energy resistance 1, electricity
resistance, torment resistance 1, petrification resistance
a: no special abilities


You were on level 2 of the Dungeon.
You visited 1 branch of the dungeon, and saw 2 of its levels.

You collected 76 gold pieces.

Inventory:

Hand Weapons
 a - a +0 long sword (weapon)
Missiles
 k - a throwing net (quivered)
Armour
 b - a +0 scale mail (worn)
 c - a +0 buckler (worn)
Jewellery
 i - a ring of positive energy (left hand)
 m - a ring of positive energy
Scrolls
 f - 4 scrolls of identify
 h - a scroll of teleportation
Potions
 d - a potion of might
 e - 3 potions of mutation {unknown}
 j - a potion of resistance


   Skills:
 + Level 3.4 Fighting
 * Level 2.3 Long Blades
 * Level 3.8 Armour
 + Level 0.6 Dodging
 * Level 3.9 Shields


You had 2 spell levels left.
You didn't know any spells.
Your spell library contained the following spells:

 Spells                   Type           Power      Damage    Failure   Level
 Dazzling Flash           Conj/Hex       0%         N/A       99%         3
 Iskenderun's Mystic Bla  Conj/Tloc      0%         2d3       100%        4
 Starburst                Conj/Fire      0%         6d3       100%        6


Dungeon Overview and Level Annotations

Branches:
Dungeon (2/15)

Altars:

Annotations:
D:2 Crazy Yiuf


Innate Abilities, Weirdness & Mutations

You are immune to sickness and miasma.
Your stone body is resilient. (AC +3)
You are immune to poison.
You resist negative energy. (rN+)
You are resistant to electric shocks. (rElec)
You are resistant to unholy torment.
You are immune to petrification.


Message History

The ball python constricts you.
You hit the ball python.
The ball python is severely wounded.
The ball python closely misses you. The ball python constricts you.
The ball python barely misses you. The ball python constricts you.
You closely miss the ball python.
The ball python is severely wounded.
The ball python closely misses you. The ball python constricts you.
You hit the ball python.
You kill the ball python!
No target in view!
No target in view!
No target in view!
No target in view!
No target in view!
No target in view!
No target in view!
No target in view!
Could not explore, unopened runed door.
As you read the scroll labelled GEAMIH TECVA, it crumbles to dust.
You feel aware of your surroundings.
It was a scroll of magic mapping.
As you read the scroll labelled HICUKOE YBIOBY, it crumbles to dust.
The scroll dissolves into smoke.
It was a scroll of fog.
As you open the door, it creaks loudly!
You barely miss Crazy Yiuf.
Crazy Yiuf hits you with a +4 quarterstaff of chaos!
Crazy Yiuf burns you.
You barely miss Crazy Yiuf.
Crazy Yiuf hits you with a +4 quarterstaff of chaos.
You feel yourself slow down. Crazy Yiuf closely misses you.
You hit Crazy Yiuf.
Crazy Yiuf is moderately wounded.
Crazy Yiuf hits you with a +4 quarterstaff of chaos. x2
* * * LOW HITPOINT WARNING * * *
You feel very mighty all of a sudden.
You closely miss Crazy Yiuf.
Crazy Yiuf is moderately wounded.
Crazy Yiuf closely misses you.
Crazy Yiuf hits you with a +4 quarterstaff of chaos!
You die...

...†.........#######.#..#####.###
...........### ###...........
...........# #..#####....
...........# ##### #..#####....
...........# #..)# #...........
...........# #...# #.......#...
...........# *...* #.......+...
.........(.# *#g#* #.......#...
...........# ♣♣@♣ ############
...........# ♣§♣♣ # ...........#
♣♣§♣ # ...........# ♣.♣♣
############ #######....# ♣♣.♣♣
#........... ...........# ♣..P♣♣
############ ##########.# ♣PP..♣
# #.# ##..## # #.# #....# #


You could see Crazy Yiuf.

Vanquished Creatures
  3 dart slugs
  3 ball pythons
  2 bats
  7 endoplasms
  3 giant cockroaches
  2 goblins (D:2)
  4 hobgoblins
  2 kobolds (D:1)
  4 quokkas
  4 frilled lizards
  7 rats
41 creatures vanquished.

Notes
Turn   | Place    | Note
-------+----------+-------------------------------------------
     0 | D:1      | timneilson the Gargoyle Fighter began the quest for the
                  | Orb.
     0 | D:1      | Reached XP level 1. HP: 14/14 MP: 1/1
   426 | D:1      | Reached XP level 2. HP: 18/19 MP: 2/2
  1025 | D:1      | Reached XP level 3. HP: 19/23 MP: 3/3
  1455 | D:2      | Found a runed translucent door.
  1456 | D:2      | Noticed Crazy Yiuf
  2256 | D:2      | HP: 1/23 [Crazy Yiuf/+4 quarterstaff of chaos (6)]
  2257 | D:2      | Mangled by Crazy Yiuf

Illustrated notes

Levels and vault maps discovered:
D:1:      dpeg_cavernosity, layout_basic, minmay_misc_feat_secret_circle
D:2:      layout_basic, minmay_misc_feat_diagonals, reono_crystal_passage,
          uniq_crazy_yiuf_cottage

Skill      XL: |  1  2 |
---------------+-------+-----
Long Blades    | 2 |  2.3
Fighting       | |  3.4
Armour         | |  3.8
Dodging        | |  0.6
Shields        | |  3.9

Action                     || total
---------------------------++-------
  Melee: Long sword        ||   155
    Use: Scroll            ||     7
 Armour: Scale mail        ||    85
  Dodge: Dodged            ||    82
  Block: Buckler           ||    28

Table legend: (Time is in decaauts)
 A = Elapsed time spent in this place.
 B = Non-inter-level travel time spent in this place.
 C = Inter-level travel time spent in this place.
 D = Time resting spent in this place.
 E = Time spent auto-exploring this place.
 F = Levels seen in this place.
 G = Mean time per level.
                   A        B        C        D        E       F      G
               +--------+--------+--------+--------+--------+-----+--------+
         Total |   2310 |   2305 |      5 |      0 |   1949 |   2 | 1155.0 |
       Dungeon |   2310 |   2305 |      5 |      0 |   1949 |   2 | 1155.0 |
               +--------+--------+--------+--------+--------+-----+--------+

Top non-repeatable levels by time:
     D:2: 1167 daAuts
     D:1: 1142 daAuts
